 Dungeon Crawl Stone Soup version 0.31-a0-152-g6aa68a64a1 (webtiles) character file.

Game seed: 8486014262167763687

1792 bobo the Poker (level 9, 0/44 (72) HPs)
             Began as a Merfolk Ice Elementalist on May 25, 2023.
             Killed by divine providence
             ... invoked by an orc priest
              (7 damage)
             ... on level 5 of the Dungeon on June 9, 2023.
             The game lasted 00:24:52 (6382 turns).

bobo the Poker (Merfolk Ice Elementalist)           Turns: 6382, Time: 00:24:52

HP:   0/44 (72)     AC: 22    Str: 13    XL:     9   Next: 9%
MP:   9/15          EV:  7    Int: 17    God:
Gold: 652           SH:  0    Dex: 14    Spells: 9/16 levels left

rFire   . . .        f - +0 trident
rCold   x . .        (no shield)
rNeg    . . .        x - +8 chain mail of Shadows and Fog {rElec rPois rC- Str+3}
rPois   +            q - +2 helmet
rElec   +            (no cloak)
rCorr   .            i - +2 pair of gloves
SInv    .            (no boots)
Will    +....        (no amulet) Stlth
                     o - ring of willpower
HPRegen 0.27/turn    h - ring of wizardry
MPRegen 0.14/turn

%: wizardry (x1)
@: very slightly contaminated, very heavily drained
A: (nimble swimmer 2), mertail
a: no special abilities


You were on level 5 of the Dungeon.
You visited 1 branch of the dungeon, and saw 5 of its levels.

You collected 652 gold pieces.

Inventory:

Hand Weapons
 f - a +0 trident (weapon)
Missiles
 s - 3 boomerangs (quivered)
 z - 3 silver boomerangs
 A - 5 javelins
Armour
 a - a +0 robe
 i - a +2 pair of gloves (worn)
 q - a +2 helmet (worn)
 x - the +8 chain mail of Shadows and Fog (worn) {rElec rPois rC- Str+3}
   (You found it on level 4 of the Dungeon)

   Str:       It affects your strength (+3).
   rC:        It makes you vulnerable to cold.
   rElec:     It insulates you from electricity.
   rPois:     It protects you from poison.
Jewellery
 h - a ring of wizardry (right hand)
 n - a ring of see invisible
 o - a ring of willpower (left hand)
 w - a ring of protection from cold
Wands
 m - a wand of iceblast (2)
 t - a wand of flame (6)
Scrolls
 e - a scroll of identify
Potions
 b - a potion of magic
 c - a potion of might
 d - a potion of resistance {unknown}
 l - 2 potions of brilliance


   Skills:
 + Level 7.3 Fighting
 + Level 7.4 Polearms
 - Level 5.0 Throwing
 - Level 2.6 Dodging
 - Level 2.1 Stealth
 - Level 4.1 Spellcasting
 - Level 5.1 Ice Magic


You had 9 spell levels left.
You knew the following spells:

 Your Spells              Type           Power      Damage    Failure   Level
a - Ozocubu's Armour      Ice            21%        N/A       45%         3
r - Frozen Ramparts       Ice            42%        1d7       45%         3
z - Freeze                Ice            84%        1d9       17%         1

Your spell library contained the following spells:

 Spells                   Type           Power      Damage    Failure   Level
 Summon Ice Beast         Ice/Summ       12%        N/A       99%         4


Dungeon Overview and Level Annotations

Branches:
Dungeon (5/15)
 Temple: D:4-7

Altars:
Ru
Xom

Annotations:
D:5 Dowan, Duvessa


Innate Abilities, Weirdness & Mutations

((You are very nimble when in or above water. (Stealth+, EV+, Speed+++)))
Your lower body shifts to a powerful aquatic tail in water.


Message History

You hit the sleepcap.
The sleepcap is lightly damaged.
The sleepcap releases spores at you but does no damage.
You hit the sleepcap.
The sleepcap is moderately damaged.
The sleepcap barely misses you.
You puncture the sleepcap!
The sleepcap is severely damaged.
The sleepcap releases spores at you.
You are engulfed in a cloud of soporific spores!
You fall asleep.
The orc priest looks encouraged for a moment.
The sleepcap releases spores at you but does no damage.
The sleepcap releases spores at you but does no damage.
The orc priest hits you but does no damage.
The sleepcap releases spores at you!
You wake up.
The orc priest hits you but does no damage.
Casting: Ozocubu's Armour (quite dangerous; 45% risk of failure)
Confirm with . or Enter, or press ? or * to list all spells.
The spell is quite dangerous to miscast (45% risk of failure)!
Continue anyway?
Casting: Frozen Ramparts (quite dangerous; 45% risk of failure)
Press: ? - help, Dir - look around, f - activate A stone staircase leading up.
You miscast Frozen Ramparts.
You are very lightly contaminated with residual magic.
You are covered in a thin layer of ice!
You feel a terrible chill!
The sleepcap releases spores at you but does no damage.
The orc priest hits you but does no damage.
Casting: Frozen Ramparts (quite dangerous; 45% risk of failure)
Confirm with . or Enter, or press ? or * to list all spells.
The spell is quite dangerous to miscast (45% risk of failure)!
Continue anyway?
Casting: Frozen Ramparts (quite dangerous; 45% risk of failure)
Press: ? - help, Dir - look around, f - activate A stone staircase leading up.
You miscast Frozen Ramparts.
You shiver with cold!
You feel a terrible chill!
* * * LOW HITPOINT WARNING * * *
The sleepcap completely misses you.
The orc priest invokes the aid of Beogh against you.
Beogh smites you!
You die...

#######.............
#.........#.########
#...........#
#..........##
#..........#
#).........#
#...(.....##
#.........#
#..f@o>...#
###########


You could see a sleepcap and an orc priest.

Vanquished Creatures
  Pikel (D:4)
  An ogre (D:5)
  A black bear (D:5)
  A centaur (D:4)
  3 lemures (D:4)
  A phantom (D:4)
  3 scorpions (D:4)
  A howler monkey (D:5)
  4 orc priests
  A jelly (D:5)
  A hound (D:4)
  3 iguanas
  Natasha (twice) (D:2)
  A sleepcap (D:5)
  Ijyb (D:4)
  4 orc wizards
  6 adders
  A gnoll (D:5)
  A white imp (D:4)
  4 worms
  3 dart slugs
  21 orcs
  6 endoplasms
  5 giant cockroaches
  3 goblins
  8 hobgoblins
  4 jackals (D:1)
  10 kobolds
  3 quokkas
  8 ball pythons
  6 bats
  4 frilled lizards
  3 rats
125 creatures vanquished.

Vanquished Creatures (collateral kills)
  Menkaure (D:4)
1 creature vanquished.

Vanquished Creatures (others)
  A kobold (D:3)
1 creature vanquished.

Grand Total: 127 creatures vanquished

Notes
Turn   | Place    | Note
-------+----------+-------------------------------------------
     0 | D:1      | bobo the Merfolk Ice Elementalist began the quest for the
                  | Orb.
     0 | D:1      | Reached XP level 1. HP: 13/13 MP: 3/3
   114 | D:1      | Reached skill level 1 in Fighting
   155 | D:1      | Reached XP level 2. HP: 19/21 MP: 0/5
   623 | D:1      | Upgraded the game from 0.31-a0-95-g6fa058ef04 to
                  | 0.31-a0-149-g3fdcc5976a
   646 | D:1      | Reached XP level 3. HP: 21/27 MP: 3/6
   650 | D:1      | Learned a level 3 spell: Frozen Ramparts
   654 | D:1      | Learned a level 3 spell: Ozocubu's Armour
  1048 | D:2      | Upgraded the game from 0.31-a0-149-g3fdcc5976a to
                  | 0.31-a0-150-g89dc3ad700
  1748 | D:2      | Reached XP level 4. HP: 33/34 MP: 4/8
  1968 | D:2      | Noticed Natasha
  1972 | D:2      | Killed Natasha
  2131 | D:2      | Noticed Natasha
  2138 | D:2      | Killed Natasha
  2525 | D:3      | Found a large runed translucent door.
  2525 | D:3      | Found a shimmering altar of Xom.
  2525 | D:3      | Found a large runed translucent door.
  2608 | D:3      | Reached XP level 5. HP: 35/41 MP: 5/9
  2859 | D:3      | Reached skill level 5 in Ice Magic
  3544 | D:4      | Noticed Pikel
  3544 | D:4      | Noticed a lemure
  3544 | D:4      | Noticed a lemure
  3544 | D:4      | Noticed a lemure
  3544 | D:4      | Noticed a lemure
  3599 | D:3      | Reached skill level 1 in Polearms
  3651 | D:4      | Noticed Ijyb
  3661 | D:4      | Reached XP level 6. HP: 48/48 MP: 4/11
  3699 | D:4      | Killed Ijyb
  3986 | D:4      | Found a sacrificial altar of Ru.
  4020 | D:4      | Identified the +8 chain mail of Shadows and Fog {rElec
                  | rPois rC- Str+3}
  4202 | D:4      | Reached skill level 1 in Throwing
  4202 | D:4      | Reached XP level 7. HP: 31/55 MP: 13/13
  4483 | D:4      | Reached skill level 5 in Fighting
  4779 | D:4      | Noticed Menkaure
  5326 | D:4      | HP: 1/43 [lemure[Pikel] (6)]
  5559 | D:4      | Upgraded the game from 0.31-a0-150-g89dc3ad700 to
                  | 0.31-a0-152-g6aa68a64a1
  5582 | D:4      | Killed Menkaure
  5614 | D:4      | Killed Pikel
  5615 | D:4      | Reached XP level 8. HP: 42/65 MP: 14/14
  5838 | D:5      | Entered Level 5 of the Dungeon
  6073 | D:5      | Identified the +5 spear of Quick Death {freeze, rElec MP+9}
  6084 | D:5      | Noticed Duvessa
  6089 | D:5      | Noticed Dowan
  6127 | D:5      | Reached XP level 9. HP: 40/72 MP: 11/15
  6327 | D:4      | Reached skill level 5 in Throwing
  6382 | D:5      | Killed from afar by an orc priest

Illustrated notes

Levels and vault maps discovered:
D:1:      saegor_arrival_under_anarchy, layout_basic
D:2:      layout_loops_corners, minmay_misc_feat_x, lightli_corner_chamber,
          uniq_natasha
D:3:      due_chaos_kobolds, layout_basic
D:4:      minmay_polygon_palace, layout_cave_pods, mainiacjoe_overflow_catwalk,
          serial_column_ruins, column_ruins_hut_pillars,
          column_ruins_square_large, column_ruins_open_small,
          column_ruins_open_tiny, column_ruins_open_medium,
          column_ruins_open_tiny, column_ruins_columns_T,
          column_ruins_columns_straight, column_ruins_corridor_dead_end,
          uniq_ijyb, uniq_pikel, uniq_menkaure
D:5:      layout_rooms, grunt_ministairs_4, uniq_grinder, uniq_prince_ribbit1,
          uniq_duvessa

Skill      XL: |  1  2  3  4  5  6  7  8  9 |
---------------+----------------------------+-----
Fighting       | 1 2 3 4 6 7 |  7.3
Spellcasting   | 3 4 |  4.1
Ice Magic      | 5 |  5.1
Polearms       | 1 3 6 7 |  7.4
Throwing       | 1 4 5 |  5.0
Dodging        | |  2.6
Stealth        | |  2.1

Action                     |  1- 3 |  4- 6 |  7- 9 || total
---------------------------+-------+-------+-------++-------
  Melee: Whip              |    82 |    36 |       ||   118
         Club              |     2 |       |       ||     2
         Punch             |     1 |     3 |     4 ||     8
         Trident           |       |   157 |   345 ||   502
         Short sword       |       |    13 |       ||    13
  Throw: Boomerang         |       |    18 |    13 ||    31
   Cast: Freeze            |    33 |       |       ||    33
         Frozen Ramparts   |     4 |    11 |     1 ||    16
         Ozocubu's Armour  |     4 |     8 |     1 ||    13
    Use: Scroll            |       |     1 |    11 ||    12
         Potion            |       |       |     3 ||     3
   Stab: Sleeping          |     1 |     4 |       ||     5
 Armour: Robe              |    37 |    61 |       ||    98
         Chain mail        |       |    50 |   281 ||   331
  Dodge: Dodged            |    81 |   105 |    98 ||   284

Table legend: (Time is in decaauts)
 A = Elapsed time spent in this place.
 B = Non-inter-level travel time spent in this place.
 C = Inter-level travel time spent in this place.
 D = Time resting spent in this place.
 E = Time spent auto-exploring this place.
 F = Levels seen in this place.
 G = Mean time per level.
                   A        B        C        D        E       F      G
               +--------+--------+--------+--------+--------+-----+--------+
         Total |   6441 |   6074 |    367 |    400 |   4265 |   5 | 1288.2 |
       Dungeon |   6441 |   6074 |    367 |    400 |   4265 |   5 | 1288.2 |
               +--------+--------+--------+--------+--------+-----+--------+

Top non-repeatable levels by time:
     D:4: 2446 daAuts
     D:2: 1460 daAuts
     D:3: 1147 daAuts
     D:1: 1038 daAuts
     D:5: 348 daAuts
